AoeStats
← GORGORY

Arena

509713312Analyzed
1v1 RM · 4d ago on Sep 27, 2026· 40m 25s· 2 players
Game mode
Random Map
Map size
Tiny (2 player)
Population
200
Speed
Normal
Resources
Standard
Victory
Conquest
Starting age
Dark Age
Ending age
Imperial Age
RankedLock teamsTeams togetherTeam positionsShared explorationLock speedFull tech treeHidden civsTurbo modeCheats
Victory
Defeat
🇮🇪 Japanese · Ireland
917
+17
🇦🇷 Ethiopians · Argentina
947
-17
palladium_zizu
11:17 Feudal Age
11:12 Loom
12:01 Double-Bit Axe
15:40 Castle Age
15:12 Horse Collar
18:33 Fletching
21:31 Bow Saw
29:16 Imperial Age
27:32 Wheelbarrow
27:58 Herbal Medicine
28:25 Heavy Plow
34:35 Ballistics
34:26 Fortified Wall
34:14 Murder Holes
39:43 Bodkin Arrow
GORGORY
5:42 Loom
8:46 Feudal Age
9:12 Double-Bit Axe
9:17 Horse Collar
13:11 Wheelbarrow
17:14 Castle Age
15:51 Stone Mining
16:52 Gold Mining
19:08 Heavy Plow
19:22 Bow Saw
23:21 Heavy Plow
24:14 Fervor
24:01 Crossbowman
25:34 Town Watch
30:02 Forging
29:52 Scale Mail Armor
29:44 Fletching
29:54 Padded Archer Armor
30:55 Murder Holes
31:21 Ballistics
32:25 Hand Cart
32:11 Town Patrol
33:23 Thumb Ring
36:41 Squires
36:27 Arson
40:10 Imperial Age
39:07 Squires
38:53 Arson
Connection lost

Rejoining the realm…

Still unreachable

The connection could not be restored.

Session expired

The server has moved on; the page needs a fresh start.